 Dungeon Crawl Stone Soup version 0.26.0-16-gc1dbca0489 (webtiles) character file.

Game seed: 13698319608354588698

1113 vvl the Cudgeller (level 8, -5/49 HPs)
             Began as a Gargoyle Fighter on Jan 18, 2021.
             Was a Believer of the Shining One.
             Killed by divine providence
             ... invoked by an orc priest
              (12 damage)
             ... on level 6 of the Dungeon.
             The game lasted 00:08:48 (5088 turns).

vvl the Cudgeller (Gargoyle Fighter)                Turns: 5088, Time: 00:08:50

Health: -5/49      AC: 15    Str: 22    XL:     8   Next: 33%
Magic:  8/10       EV:  7    Int:  9    God:    the Shining One [**....]
Gold:   55         SH: 17    Dex:  9    Spells: 7/7 levels left

rFire    . . .     SeeInvis .   r - +0 mace (holy)
rCold    . . .     Faith    +   c - +0 kite shield
rNeg     + + +     Spirit   .   b - +0 scale mail
rPois    ∞         Reflect  .   s - +0 helmet
rElec    +         Harm     .   o - +0 cloak
rCorr    .         Rampage  .   (no gloves)
Will     .....                  (no boots)
Stlth    ..........             u - amulet of faith
HPRegen  0.16/turn              n - ring of positive energy
MPRegen  0.12/turn              x - ring of poison resistance

@: divine shield, glowing
A: negative energy resistance 1, electricity resistance, unbreathing,
petrification resistance, miasma immunity, AC +5
a: Renounce Religion, Divine Shield


You were on level 6 of the Dungeon.
You worshipped the Shining One.
The Shining One was pleased with you.
You visited 1 branch of the dungeon, and saw 6 of its levels.

You collected 286 gold pieces.
You spent 231 gold pieces at shops.

Inventory:

Hand Weapons
 a - a +0 flail
 r - a +0 mace of holy wrath (weapon)
Missiles
 l - 29 bolts
Armour
 b - a +0 scale mail (worn)
 c - a +0 kite shield (worn)
 o - a +0 cloak (worn)
 s - a +0 helmet (worn)
Jewellery
 n - a ring of positive energy (left hand)
 u - an amulet of faith (around neck)
 w - an uncursed ring of fire
 x - a ring of poison resistance (right hand)
Wands
 z - a wand of iceblast (4)
 A - a wand of digging (4)
Scrolls
 e - 2 scrolls of magic mapping {unknown}
 f - 5 scrolls of identify {unknown}
 k - 4 scrolls of remove curse {unknown}
 v - a scroll of amnesia {unknown}
 y - a scroll of fog {unknown}
 B - a scroll of enchant armour {unknown}
Potions
 d - 2 potions of might
 g - a potion of ambrosia {unknown}
 h - 2 potions of haste {unknown}
 i - 2 potions of curing {unknown}
 j - a potion of attraction {unknown}
 m - 4 potions of mutation {unknown}
 p - 5 potions of flight {unknown}
 q - 3 potions of berserk rage {unknown}
 t - a potion of experience {unknown}


   Skills:
 + Level 5.2 Fighting
 * Level 5.5 Maces & Flails
 + Level 5.1 Armour
 + Level 5.0 Shields
 + Level 3.6 Invocations
 + Level 3.0 Evocations


You had 7 spell levels left.
You didn't know any spells.
Your spell library contained the following spells:

 Spells                   Type           Power        Failure   Level
 Corona                   Hex            0%           98%         1
 Shock                    Conj/Air       0%           98%         1
 Ensorcelled Hibernation  Hex/Ice        0%           99%         2
 Swiftness                Air            0%           99%         2
 Confusing Touch          Hex            0%           100%        3
 Dazzling Flash           Conj/Hex       0%           100%        3
 Static Discharge         Conj/Air       0%           100%        3
 Tukima's Dance           Hex            0%           100%        3
 Airstrike                Air            0%           100%        4
 Lightning Bolt           Conj/Air       0%           100%        5


Dungeon Overview and Level Annotations

Branches:
Dungeon (6/15)             Temple (0/1) D:4

Altars:
Ashenzari
Fedhas
Kikubaaqudgha
Uskayaw
Wu Jian
The Shining One

Shops:
D:5 *


Innate Abilities, Weirdness & Mutations

You are resistant to torment.
Your stone body is resilient. (AC +5)
You are immune to poison.
You resist negative energy. (rN+)
You are resistant to electric shocks. (rElec)
You can survive without breathing.
You are immune to petrification.
You are immune to miasma.


Message History

You are too injured to fight recklessly!
You are too injured to fight recklessly!
You are too injured to fight recklessly!
Your shield is strengthened by the Shining One's divine power.
You block the orc priest's attack.
You hit the orc priest.
The orc priest is moderately wounded.
A bullfrog comes into view.
The orc priest hits you but does no damage.
The bullfrog moves out of view.
You hit the orc priest but do no damage.
The orc priest is moderately wounded.
You block the orc priest's attack.
You thump the orc priest!
You kill the orc priest!
The Shining One accepts your kill.
You feel better.
You feel your power returning.
The orc priest calls down the wrath of Beogh upon you.
Beogh smites you!
You die...

### ..# #.# #.# #.# #.#
##.###################.#
...ooo)@................
.#.##########..#######.†
#..#######.)
#..#.>...##)
#..#.....#..
#..#........
#........#..
#.##.....##.
#.#########.


You could see an orc warrior, an orc priest and an orc wizard.

Vanquished Creatures
  Grinder (D:3)
  Sigmund (D:4)
  An ogre (D:4)
  A bullfrog (D:6)
  A jelly (D:5)
  A gnoll shaman (D:5)
  3 orc priests
  4 hounds
  2 orc wizards (D:6)
  A worker ant (D:5)
  Robin (D:4)
  A howler monkey skeleton (D:4)
  7 adders
  5 gnolls (D:5)
  2 shadow imps (D:5)
  3 white imps (D:5)
  An ooze (D:6)
  An adder zombie (D:6)
  2 adder skeletons
  2 worms
  A dart slug (D:2)
  5 leopard geckos
  7 orcs
  3 ball pythons
  14 bats
  2 giant cockroaches
  13 goblins
  7 hobgoblins
  6 kobolds
  3 frilled lizards (D:3)
  2 jackal skeletons (D:5)
  A leopard gecko skeleton (D:4)
  A leopard gecko zombie (D:5)
  A quokka zombie (D:5)
  7 rats
114 creatures vanquished.

Notes
Turn   | Place    | Note
-------+----------+-------------------------------------------
     0 | D:1      | vvl the Gargoyle Fighter began the quest for the Orb.
     0 | D:1      | Reached XP level 1. HP: 14/14 MP: 1/1
   154 | D:1      | Reached XP level 2. HP: 19/19 MP: 2/2
   821 | D:2      | Reached XP level 3. HP: 23/23 MP: 3/3
  1740 | D:3      | Noticed Grinder
  1767 | D:3      | Paralysed by Grinder for 7 turns
  1782 | D:3      | Paralysed by Grinder for 3 turns
  1786 | D:3      | Killed Grinder
  1787 | D:3      | Reached skill level 1 in Evocations
  1787 | D:3      | Reached XP level 4. HP: 5/29 MP: 3/5
  1787 | D:3      | Reached XP level 5. HP: 6/33 MP: 3/6
  1787 | D:3      | Reached XP level 6. HP: 7/38 MP: 3/7
  2294 | D:3      | Found a hide-covered altar of Uskayaw.
  2297 | D:3      | Found a glowing golden altar of the Shining One.
  2318 | D:3      | Became a worshipper of the Shining One
  2415 | D:3      | Found a blossoming altar of Fedhas.
  2418 | D:3      | Found an ornate altar of the Wu Jian Council.
  2422 | D:3      | Found a broken altar of Ashenzari.
  2548 | D:3      | Found a glowing golden altar of the Shining One.
  2938 | D:4      | Noticed Robin
  2957 | D:4      | Killed Robin
  3035 | D:4      | Noticed Sigmund
  3052 | D:4      | Reached XP level 7. HP: 15/44 MP: 8/8
  3074 | D:4      | Killed Sigmund
  3531 | D:4      | Found a staircase to the Ecumenical Temple.
  3565 | D:4      | Found an ancient bone altar of Kikubaaqudgha.
  3982 | D:5      | Entered Level 5 of the Dungeon
  3984 | D:5      | Reached * piety under the Shining One
  4188 | D:5      | Reached skill level 5 in Fighting
  4188 | D:5      | Reached skill level 5 in Maces & Flails
  4249 | D:5      | Reached XP level 8. HP: 39/49 MP: 10/10
  4317 | D:5      | Found Bolodghi's Assorted Antiques.
  4320 | D:5      | Bought a brass wand for 104 gold pieces
  4320 | D:5      | Bought a lead wand for 104 gold pieces
  4320 | D:5      | Bought a fizzy coppery potion for 23 gold pieces
  4787 | D:6      | Reached skill level 5 in Armour
  4905 | D:6      | Reached ** piety under the Shining One
  4947 | D:6      | Reached skill level 5 in Shields
  5088 | D:6      | Killed from afar by an orc priest

Illustrated notes

Levels and vault maps discovered:
D:1:      lightli_arrival_flooded_house, layout_basic
D:2:      layout_basic, corexii_corridor_pit, st_stairs_7
D:3:      layout_basic, grunt_temple_overflow_diamond,
          chequers_temple_overflow_statue_of_worship,
          chequers_serial_rivers_room_a, kennysheep_minor_cross,
          grunt_ministairs_5, tso_metal_star, uniq_grinder
D:4:      layout_loops_ring, kennysheep_mini,
          minmay_temple_entry_statues_pillars, corner_web_ring, uniq_sigmund,
          uniq_robin
D:5:      layout_basic, serial_shops, nicolae_shop_behind_doors,
          kennysheep_cross_bottleneck, cheibrodos_gnoll_hut
D:6:      layout_loops_ring

Skill      XL: |  1  2  3  4  5  6  7  8 |
---------------+-------------------------+-----
Fighting       | 4 5 |  5.2
Maces & Flails | 3 4 5 |  5.5
Armour         | 4 5 |  5.1
Shields        | 4 5 |  5.0
Invocations    | 2 3 |  3.6
Evocations     | 1 2 3 |  3.0

Action                   |  1- 3 |  4- 6 |  7- 9 || total
-------------------------+-------+-------+-------++-------
Melee: Flail             |   153 |       |       ||   153
       Mace              |       |   194 |   168 ||   362
Invok: Divine Shield     |       |       |     1 ||     1
Armor: Scale mail        |    92 |   128 |    98 ||   318
Dodge: Dodged            |    64 |    72 |    50 ||   186
Block: Kite shield       |   103 |   104 |    90 ||   297
